 Dungeon Crawl Stone Soup version 0.28.0 (webtiles) character file.

Game seed: 12432002319747157215

39 GrayStillPlays the Shield-Bearer (level 3, -5/35 HPs)
             Began as a Gnoll Fighter on Feb 15, 2022.
             Slain by an ogre (18 damage)
             ... on level 2 of the Dungeon.
             The game lasted 00:02:08 (1254 turns).

GrayStillPlays the Shield-Bearer (Gnoll Fighter)    Turns: 1254, Time: 00:02:08

Health: -5/35      AC:  7    Str: 15    XL:     3   Next: 45%
Magic:  4/4        EV:  9    Int:  9    God:
Gold:   37         SH:  5    Dex: 11    Spells: 3/3 levels left

rFire   . . .      SeeInvis .   a - +0 war axe {axe}
rCold   . . .      Faith    .   c - +0 buckler
rNeg    . . .      Spirit   .   b - +0 scale mail
rPois   .          Reflect  .   (no helmet)
rElec   .          Harm     .   (no cloak)
rCorr   .          Rampage  .   (no gloves)
Will    .....                   (no boots)
Stlth   ..........              (no amulet)
HPRegen 0.11/turn               (no ring)
MPRegen 0.09/turn               (no ring)

@: mighty
A: fangs 1, strong nose, distributed training
a: no special abilities


You were on level 2 of the Dungeon.
You visited 1 branch of the dungeon, and saw 2 of its levels.

You collected 37 gold pieces.


Innate Abilities, Weirdness & Mutations

You have very sharp teeth.
Your uncanny sense of smell can sniff out nearby items.
Your experience applies equally to all skills.


   Skills:
 + Level 6.5 Fighting
 + Level 0.8 Short Blades
 + Level 0.8 Long Blades
 + Level 4.5 Axes
 + Level 0.8 Maces & Flails
 + Level 0.8 Polearms
 + Level 0.8 Staves
 + Level 0.8 Slings
 + Level 0.8 Bows
 + Level 0.8 Crossbows
 + Level 0.8 Throwing
 + Level 6.5 Armour
 + Level 0.8 Dodging
 + Level 0.8 Stealth
 + Level 6.5 Shields
 + Level 0.8 Unarmed Combat
 + Level 0.8 Spellcasting
 + Level 0.5 Conjurations
 + Level 0.5 Hexes
 + Level 0.5 Summonings
 + Level 0.5 Necromancy
 + Level 0.5 Translocations
 + Level 0.5 Transmutations
 + Level 0.5 Fire Magic
 + Level 0.5 Ice Magic
 + Level 0.5 Air Magic
 + Level 0.5 Earth Magic
 + Level 0.5 Poison Magic
 + Level 1.0 Invocations
 + Level 0.8 Evocations


You had 3 spell levels left.
You didn't know any spells.
Your spell library was empty.

Inventory:

Hand Weapons
 a - a +0 war axe (weapon) {axe}
Missiles
 g - 5 stones (quivered) {throwing}
 h - 34 arrows
 j - 2 silver javelins {throwing}
Armour
 b - a +0 scale mail (worn)
 c - a +0 buckler (worn)
Scrolls
 e - 2 scrolls of amnesia {unknown}
 i - 2 scrolls of magic mapping {unknown}
 k - a scroll of blinking {unknown}
 l - a scroll of immolation {unknown}
Potions
 f - a potion of magic {unknown}

Dungeon Overview and Level Annotations

Branches:
Dungeon (2/15)

Altars:

..+ +........##P# ###.# .8###
###8.......########...# ....#
#...................#####
....#####........................
#.........>...................<..
#...#. #..............###.##.....
....#.. #..........###..##.....
.#..##.#####.......#†# #.###.....
.#..# ...# ####.@.##.# #. #.....
.##.####.######O#....##.. #...>.
.....##......#..#........ ..###.
.##†...........##.....#.# #### .
.##.........†####.....#.
..##.................##
..###...............<#
.........)####.#######
#.####....# #.#


You could see an ogre.


Message History

There is a stone staircase leading down here.
You climb downwards.
The ball python hisses angrily.
Found a stone staircase leading down.
There is a stone staircase leading up here.
You slash the ball python!
You kill the ball python!
i - 2 scrolls labelled YRPHYSI MUDEIL (gained 1) Key pressed, stopping explore.
A frilled lizard comes into view.
The frilled lizard hisses angrily.
A frilled lizard is nearby!
A frilled lizard is nearby!
A frilled lizard is nearby!
You block the frilled lizard's attack.
You miss the frilled lizard.
The frilled lizard bites you but does no damage.
You slash the frilled lizard!
You kill the frilled lizard!
No target in view!
No target in view!
No target in view!
Found a stone staircase leading down and a stone staircase leading up.
l - a scroll labelled GEDGHY RYKHLULE Key pressed, stopping explore.
You now have 37 gold pieces (gained 17).
A ball python comes into view.
A ball python is nearby!
A bat and a rat come into view.
Found an escape hatch in the ceiling.
You hit the bat.
You kill the bat!
The rat bites you but does no damage.
You slash the rat!
You kill the rat!
You closely miss the ball python.
The ball python bites you but does no damage.
You block the ball python's attack.
You closely miss the ball python.
The ball python bites you but does no damage.
You block the ball python's attack.
The ball python bites you but does no damage.
The ball python barely misses you.
You barely miss the ball python. You block the ball python's attack.
The ball python grabs you. The ball python constricts you.
You slash the ball python!
You kill the ball python!
A goblin comes into view. It is wielding a +0 dagger.
The goblin shouts!
The goblin completely misses you.
A goblin is nearby!
A goblin is nearby!
You hit the goblin.
You kill the goblin!
Your Invocations skill increases to level 1!
No target in view!
No target in view!
No target in view!
Things that are here:
a +0 dagger {short}; a +0 scale mail A ball python comes into view.
The ball python hisses angrily.
A ball python is nearby!
A ball python is nearby!
A ball python is nearby!
A ball python is nearby!
A ball python is nearby!
A ball python is nearby!
You slash the ball python!
You kill the ball python!
No target in view!
No target in view!
No target in view!
Found a stone staircase leading up.
Key pressed, stopping explore.
An ogre comes into view. It is wielding a +0 giant spiked club.
The ogre shouts!
An ogre is nearby!
An ogre is nearby!
An ogre is nearby!
You barely miss the ogre.
The ogre hits you with a +0 giant spiked club! 😮 HP[-9]
You take 9 damage, and now have 26/35 hp.
MASSIVE DAMAGE!! (PAUSE)
You slash the ogre! You block the ogre's attack.
You hit the ogre.
The ogre hits you with a +0 giant spiked club!
* * * LOW HITPOINT WARNING * * *
😨 HP[-15]
You take 15 damage, and now have 11/35 hp.
MASSIVE DAMAGE!! (PAUSE)
You block the ogre's attack. 😨 HP[+1] 😨 HP[+1]
You feel very mighty all of a sudden.
The ogre hits you with a +0 giant spiked club!!
Ouch! That really hurt!
You die...

Skill      XL: |  1  2  3 |
---------------+----------+-----
Invocations    | 1 |  1.0
Fighting       | |  6.5
Short Blades   | |  0.8
Long Blades    | |  0.8
Axes           | |  4.5
Maces & Flails | |  0.8
Polearms       | |  0.8
Staves         | |  0.8
Slings         | |  0.8
Bows           | |  0.8
Crossbows      | |  0.8
Throwing       | |  0.8
Armour         | |  6.5
Dodging        | |  0.8
Stealth        | |  0.8
Shields        | |  6.5
Unarmed Combat | |  0.8
Spellcasting   | |  0.8
Conjurations   | |  0.5
Hexes          | |  0.5
Summonings     | |  0.5
Necromancy     | |  0.5
Translocations | |  0.5
Transmutations | |  0.5
Fire Magic     | |  0.5
Ice Magic      | |  0.5
Air Magic      | |  0.5
Earth Magic    | |  0.5
Poison Magic   | |  0.5
Evocations     | |  0.8

Action                   || total
-------------------------++-------
Melee: War axe           ||    68
       Bite              ||     6
  Use: Potion            ||     1
Armor: Scale mail        ||    31
Dodge: Dodged            ||    33
Block: Buckler           ||    26

Levels and vault maps discovered:
D:1:      lemuel_arrival_muddy, layout_loops_cross, serial_co_window_serial,
          co_window_of_opportunity_a, co_window_paths_a, co_window_paths_a,
          co_window_cross_1, co_window_of_opportunity_a, co_window_paths_a,
          co_window_paths_a, co_window_paths_a, co_window_of_opportunity_a,
          co_window_corner_b, co_window_2corner, co_window_corner_b,
          co_window_corner_b, glass_columns_a, glass_columns_c, glass_columns_a,
          glass_columns_b, glass_columns_a
D:2:      layout_rooms, serial_aquarium, aquarium_bridge_square
          [aquarium_subvault_balcony, aquarium_subvault_wall,
          aquarium_subvault_bridge, aquarium_subvault_bridge],
          aquarium_window_1, aquarium_window_2, aquarium_window_corridor_3,
          aquarium_window_fake, aquarium_view_2f, aquarium_view_2b,
          aquarium_pool_side, dreamdust_ecumenical_altar_angels_and_demons,
          amcnicky_mini_pool_small, hangedman_feature_mirror,
          grunt_ministairs_2, grunt_decor_fettered

Notes
Turn   | Place    | Note
-------+----------+-------------------------------------------
     0 | D:1      | GrayStillPlays the Gnoll Fighter began the quest for the
                  | Orb.
     0 | D:1      | Reached XP level 1. HP: 23/23 MP: 1/1
     0 | D:1      | magus.rc [v1.9.6]
    85 | D:1      | Reached XP level 2. HP: 24/29 MP: 2/2
   699 | D:1      | Reached XP level 3. HP: 35/35 MP: 3/3
  1207 | D:2      | Reached skill level 1 in Invocations
  1228 | D:2      | Noticed an ogre
  1254 | D:2      | Slain by an ogre

Vanquished Creatures
  A dart slug (D:1)
  5 bats
  3 endoplasms (D:1)
  3 goblins
  2 hobgoblins (D:1)
  3 jackals (D:1)
  A quokka (D:1)
  5 ball pythons
  3 frilled lizards
  4 kobolds (D:1)
  3 rats
33 creatures vanquished.

Table legend:
 A = Non-vault XP
 B = Vault XP
 C = Vault XP percentage of total XP
 D = Non-vault monster count
 E = Vault monster count
 F = Vault count percentage of total count
                 A         B        C        D         E       F
            +---------+---------+-------+---------+---------+-------
      Total |      56 |       0 |   0.0 |      33 |       0 |   0.0
            +---------+---------+-------+---------+---------+-------
        D:1 |      46 |       0 |   0.0 |      26 |       0 |   0.0
        D:2 |      10 |       0 |   0.0 |       7 |       0 |   0.0
            +---------+---------+-------+---------+---------+-------

Illustrated notes

Table legend:
 A = Kills in this place as a percentage of kills in entire the game.
 B = Kills by you in this place as a percentage of kills by you in the entire game.
 C = Kills by friends in this place as a percentage of kills by friends in the entire game.
 D = Other kills in this place as a percentage of other kills in the entire game.
 E = Experience gained in this place as a percentage of experience gained in the entire game.
 F = Experience gained in this place divided by the number of levels of this place that you have seen.
                   A       B       C       D       E      F
               +-------+-------+-------+-------+-------+----------------------
         Total | 100.0 | 100.0 |   N/A |   N/A | 100.0 |  28.0
       Dungeon | 100.0 | 100.0 |   N/A |   N/A | 100.0 |  28.0
               +-------+-------+-------+-------+-------+----------------------

Table legend: (Time is in decaauts)
 A = Elapsed time spent in this place.
 B = Non-inter-level travel time spent in this place.
 C = Inter-level travel time spent in this place.
 D = Time resting spent in this place.
 E = Time spent auto-exploring this place.
 F = Levels seen in this place.
 G = Mean time per level.
                   A        B        C        D        E       F      G
               +--------+--------+--------+--------+--------+-----+--------+
         Total |   1279 |   1238 |     41 |      0 |   1019 |   2 |  639.5 |
       Dungeon |   1279 |   1238 |     41 |      0 |   1019 |   2 |  639.5 |
               +--------+--------+--------+--------+--------+-----+--------+

Top non-repeatable levels by time:
     D:1: 1166 daAuts
     D:2: 112 daAuts
